 Dungeon Sprint DCSS version 0.24-a0-459-g225fefd530 (webtiles) character file.

Game seed: 5716102424502857090

1499 epen the Unseen (level 8, -2/43 HPs)
             Began as a Spriggan Assassin on June 29, 2019.
             Was an Initiate of Dithmenos.
             Killed by an exploding ballistomycete spore (35 damage)
             ... in the Dungeon (Sprint I: "Red Sonja").
             The game lasted 00:01:54 (380 turns).

epen the Unseen (Spriggan Assassin)                  Turns: 380, Time: 00:01:54

Health: -2/43      AC:  5    Str:  7    XL:     8   Next: 52%
Magic:  11/11      EV: 21    Int: 12    God:    Dithmenos [......]
Gold:   522        SH:  0    Dex: 20    Spells: 7/7 levels left

rFire    . . .     SeeInvis +   a - +3 dagger
rCold    . . .     Gourm    .   (shield restricted)
rNeg     . . .     Faith    .   o - +0 troll leather armour
rPois    .         Spirit   .   (helmet restricted)
rElec    .         Reflect  .   c - +0 cloak
rCorr    .         Harm     .   (gloves unavailable)
MR       +....     NoTele   +   (boots unavailable)
Stlth    +++.......             (no amulet)
HPRegen  0.54/turn              (no ring)
MPRegen  0.12/turn              (no ring)

@: confused, very quick
A: very small, unfitting armour, see invisible, herbivore, speed 3, slow
metabolism 2
a: Renounce Religion


You were in the Dungeon.
You worshipped Dithmenos.
Dithmenos was noncommittal.
You were not hungry.

You visited 1 branch You collected 522 gold pieces.

Inventory:

Hand Weapons
 a - a +3 dagger (weapon)
 n - a +1 dagger of distortion
Missiles
 d - 8 poisoned darts (quivered)
 e - 5 curare-tipped darts
Armour
 b - a +0 robe
 c - a +0 cloak (worn)
 o - a +0 troll leather armour (worn)
Wands
 m - a wand of digging (4)
Scrolls
 l - a scroll of blinking
 p - a scroll of fog {unknown}
Potions
 g - a potion of curing
 h - a potion of heal wounds
 i - a potion of haste
 j - 3 potions of magic
 k - a potion of berserk rage
Comestibles
 f - a ration


   Skills:
 + Level 5.1 Fighting
 * Level 8.5 Short Blades
 - Level 7.1 Throwing
 + Level 6.3 Dodging
 + Level 20.2 Stealth
 + Level 2.8 Invocations


You had 7 spell levels left.
You didn't know any spells.
Your spell library was empty.

Dungeon Overview and Level Annotations

Branches:
Dungeon (1/1)

Altars:
Cheibriados
Dithmenos
Elyvilon
Fedhas
Gozag
Hepliaklqana
Kikubaaqudgha
Nemelex Xobeh
Okawaru
Qazlal
Ru
Sif Muna
Trog
Uskayaw
Vehumet
Wu Jian
Yredelemnul
Zin
The Shining One

Shops:
D }*[


Innate Abilities, Weirdness & Mutations

You are very small and have problems with some larger weapons.
You are too small for most types of armour.
You have supernaturally acute eyesight. (SInv)
You are a herbivore.
You cover ground extremely quickly.
You need to consume almost no food.


Message History

There is an open door here.
You open the door. 2 ballistomycete spores come into view.
Found three items.
Found 54 gold pieces.
There is an open door here.
The helpless ballistomycete spore fails to defend itself.
You stick the ballistomycete spore like a pincushion!!!!!
The ballistomycete spore explodes!
The explosion of spores engulfs you!
You are confused.
A fungus suddenly grows. x2
The explosion of spores engulfs the ballistomycete spore!!
The ballistomycete spore explodes!
A fungus suddenly grows.
The explosion of spores engulfs the ballistomycete.
The explosion of spores engulfs you!!
You are more confused.
Ouch! That really hurt!
You die...

#..#_____##'#_.+≈§≈.§+
#⌠⌠#_.∩...'..._#§§§§c#
####_..__##_.#+##+###
#_____###'# #....###
############.####'###.##
#∩^.......'...'..†..'[∩#
###++++####.†.##########
##P## #@# #$PP!$#
#$?$$$# #######


There were no monsters in sight!

Vanquished Creatures
  Sonja (D)
  A deep troll (D)
  Sigmund (D)
  A yak (D)
  An ogre (D)
  A jelly (D)
  Ijyb (D)
7 creatures vanquished.

Vanquished Creatures (others)
  A gargoyle (D)
1 creature vanquished.

Grand Total: 8 creatures vanquished

Notes
Turn   | Place    | Note
-------+----------+-------------------------------------------
     0 | D        | epen the Spriggan Assassin began the quest for the Orb.
     0 | D        | Reached XP level 1. HP: 10/10 MP: 2/2
     1 | D        | Noticed Ijyb
    32 | D        | Killed Ijyb
    32 | D        | Reached skill level 9 in Stealth
    32 | D        | Reached XP level 2. HP: 7/15 MP: 3/3
   199 | D        | Noticed an ogre
   201 | D        | Killed an ogre
   201 | D        | Reached skill level 12 in Stealth
   201 | D        | Reached XP level 3. HP: 19/19 MP: 4/4
   201 | D        | Reached XP level 4. HP: 23/23 MP: 5/5
   210 | D        | Noticed Sigmund
   213 | D        | Killed Sigmund
   213 | D        | Reached skill level 5 in Throwing
   213 | D        | Reached skill level 15 in Stealth
   213 | D        | Reached XP level 5. HP: 28/28 MP: 6/6
   213 | D        | Reached XP level 6. HP: 32/32 MP: 7/7
   214 | D        | Killed a gargoyle
   226 | D        | Found an ornate altar of the Wu Jian Council.
   226 | D        | Found a deep blue altar of Sif Muna.
   228 | D        | Found a radiant altar of Vehumet.
   232 | D        | Reached skill level 5 in Short Blades
   235 | D        | Found Riaf's Assorted Antiques.
   235 | D        | Found an ancient bone altar of Kikubaaqudgha.
   235 | D        | Found a hazy altar of Hepliaklqana.
   235 | D        | Found a stormy altar of Qazlal.
   235 | D        | Found a hide-covered altar of Uskayaw.
   235 | D        | Found a blossoming altar of Fedhas.
   235 | D        | Found a bloodstained altar of Trog.
   235 | D        | Found an iron altar of Okawaru.
   235 | D        | Found a basalt altar of Yredelemnul.
   235 | D        | Found a glowing golden altar of the Shining One.
   235 | D        | Found a snail-covered altar of Cheibriados.
   235 | D        | Found a sacrificial altar of Ru.
   235 | D        | Found a glowing silver altar of Zin.
   235 | D        | Found a shadowy altar of Dithmenos.
   235 | D        | Found a white marble altar of Elyvilon.
   235 | D        | Noticed a yak
   236 | D        | Found an opulent altar of Gozag.
   237 | D        | Killed a yak
   237 | D        | Reached skill level 17 in Stealth
   238 | D        | Found a sparkling altar of Nemelex Xobeh.
   244 | D        | Became a worshipper of Dithmenos the Shadowed
   267 | D        | Noticed Sonja
   271 | D        | Killed Sonja
   271 | D        | Reached skill level 19 in Stealth
   271 | D        | Reached XP level 7. HP: 37/37 MP: 8/8
   271 | D        | Reached XP level 8. HP: 42/42 MP: 9/9
   288 | D        | Found Xanileha's Gadget Boutique.
   308 | D        | Noticed a deep troll
   312 | D        | Killed a deep troll
   312 | D        | Reached skill level 5 in Fighting
   312 | D        | Reached skill level 20 in Stealth
   349 | D        | Noticed a centaur warrior
   350 | D        | Noticed a centaur warrior
   356 | D        | Found Xoun's Armour Emporium.
   380 | D        | Killed by an exploding ballistomycete spore

Levels and vault maps discovered:
D:        dungeon_sprint_1 [red_sonja_temple_1, red_sonja_temple_small_1]

Skill      XL: |  1  2  3  4  5  6  7  8 |
---------------+-------------------------+-----
Fighting       | 2 3 4 5 |  5.1
Throwing       | 3 4 5 7 |  7.1
Dodging        | 2 3 4 6 |  6.3
Stealth        | 9 12 15 19 20 | 20.2
Short Blades   | 3 4 6 8 |  8.5
Invocations    | 2 |  2.8

Action                   |  1- 3 |  4- 6 |  7- 9 || total
-------------------------+-------+-------+-------++-------
Melee: Dagger            |     4 |     4 |     2 ||    10
Throw: Dart              |     9 |       |       ||     9
  Use: Scroll            |       |       |     2 ||     2
 Stab: Sleeping          |     1 |     4 |     2 ||     7
Dodge: Dodged            |     6 |       |       ||     6

Table legend:
 A = Non-vault XP
 B = Vault XP
 C = Vault XP percentage of total XP
 D = Non-vault monster count
 E = Vault monster count
 F = Vault count percentage of total count
                 A         B        C        D         E       F
            +---------+---------+-------+---------+---------+-------
      Total |       0 |    2142 | 100.0 |       0 |       7 | 100.0
            +---------+---------+-------+---------+---------+-------
          D |       0 |    2142 | 100.0 |       0 |       7 | 100.0
            +---------+---------+-------+---------+---------+-------
